AoeStats
← Reymmius

Hideout

509592921Analyzed
1v1 RM · 3d ago on Sep 27, 2026· 33m 37s· 2 players
Game mode
Random Map
Map size
Tiny (2 player)
Population
200
Speed
Normal
Resources
Standard
Victory
Conquest
Starting age
Dark Age
Ending age
Imperial Age
RankedLock teamsTeams togetherTeam positionsShared explorationLock speedFull tech treeHidden civsTurbo modeCheats
Victory
Defeat
🇪🇸 Mongols · Spain
965
+17
🇵🇪 Spanish · Peru
985
-17
Reymmius
11:08 Feudal Age
15:45 Castle Age
14:04 Stone Mining
14:19 Double-Bit Axe
16:44 Gold Mining
16:58 Padded Archer Armor
18:39 Bow Saw
30:13 Imperial Age
30:03 Bloodlines
MERCA
6:21 Loom
9:52 Feudal Age
14:28 Double-Bit Axe
18:30 Castle Age
17:18 Horse Collar
18:19 Scale Barding Armor
20:16 Fletching
27:17 Bodkin Arrow
28:13 Gold Mining
32:47 Imperial Age
34:58 Chemistry
Connection lost

Rejoining the realm…

Still unreachable

The connection could not be restored.

Session expired

The server has moved on; the page needs a fresh start.